 Dungeon Crawl Stone Soup version 0.17-a0-1515-gfae3d72 (webtiles) character file.

234 amnekian the Conjurer (level 6, 43/47 HPs)
             Began as a Human Conjurer on July 12, 2015.
             Quit the game on level 5 of the Dungeon.
             The game lasted 00:19:31 (4618 turns).

amnekian the Conjurer (Human Conjurer)              Turns: 4618, Time: 00:19:31

Health: 43/47      AC:  5    Str: 10    XL:     6   Next: 26%
Magic:  3/9        EV: 12    Int: 15    God:
Gold:   139        SH:  0    Dex: 14    Spells: 2 memorised, 6 levels left

rFire  . . .     SeeInvis .     w - -2 flail (curse)
rCold  . . .     Clarity  .     k - +0 leather armour
rNeg   . . .     SustAt   .     (no shield)
rPois  .         Gourm    .     (no helmet)
rElec  .         Spirit   .     l - +0 cloak
rCorr  .         Warding  .     d - +0 pair of gloves
rMut   .         Stasis   .     (no boots)
MR     .....                    (no amulet)
Stlth  ++........               (no ring)
                                (no ring)

@: not resistant to hostile enchantments, unstealthy
A: no striking features
a: no special abilities


You were on level 5 of the Dungeon.
You were not hungry.

You visited 1 branch of the dungeon, and saw 5 of its levels.

You collected 139 gold pieces.

Inventory:

Hand weapons
 f - a +0 dagger
 w - a cursed -2 flail (weapon)
Armour
 a - a +0 robe
 d - a +0 pair of gloves (worn)
 k - a +0 leather armour (worn)
 l - a +0 cloak (worn)
 q - a +0 ring mail
Scrolls
 h - 2 scrolls of identify
 i - a scroll of magic mapping {unknown}
 s - a scroll of recharging
 t - 2 scrolls of fog
 u - a scroll of enchant weapon
Potions
 e - 5 potions of curing {unknown}
 g - 3 potions of might
 j - a potion of cure mutation {unknown}
 n - 4 potions of resistance {unknown}
 r - 2 potions of heal wounds {unknown}
 v - a potion of flight {unknown}
 x - a potion of magic {unknown}
Books
 b - a book of Conjurations

   Spells                             Type                      Level
   a - Magic Dart                     Conjuration                  1
   b - Searing Ray                    Conjuration                  2
   c - Dazzling Spray                 Conjuration/Hexes            3
   d - Fulminant Prism                Conjuration/Hexes            4
   e - Iskenderun's Mystic Blast      Conjuration                  4
   f - Iskenderun's Battlesphere      Conjuration/Charms           5
Comestibles
 c - 4 bread rations
 m - a royal jelly
 o - 4 fruits


   Skills:
 * Level 3.4 Fighting
 - Level 2.0 Dodging
 - Level 3.3 Stealth
 - Level 2.0 Spellcasting
 - Level 5.4 Conjurations


You had 6 spell levels left.
You knew the following spells:

 Your Spells              Type           Power        Failure   Level  Hunger
a - Magic Dart            Conj           ###.         4%          1    #......
b - Searing Ray           Conj           ###...       8%          2    ###....


Dungeon Overview and Level Annotations

Branches:
Dungeon (5/15)
 Temple: D:4-7

Altars:
Okawaru

Annotations:
D:4 Edmund


Message History

The crimson imp is lightly wounded.
Casting: Magic Dart
Confirm with . or Enter, or press ? or * to list all spells.
Aiming: Magic Dart
Press: ? - help, Shift-Dir - straight line, f/p - crimson imp
Aim: a crimson imp (lightly wounded)
The magic dart hits the crimson imp.
The crimson imp is moderately wounded.
You hit the crimson imp.
The crimson imp is severely wounded.
The crimson imp hits you.
You barely miss the crimson imp.
The crimson imp is heavily wounded.
The crimson imp hits you.
You sock the crimson imp!
You kill the crimson imp!
Your Fighting skill increases to level 3!
You open the door.
There is an open door here.
Are you sure you want to abandon this character and quit the game? (Confirm with "yes".)

#####..... .........
......... ........
...... ###..# #....#.
#.#.##.
#######@#.##.###########
..........##....##......
...........+....##......
.........###...<##......
.........# ##...........
.......).# #...........
.........# #...........
.........####....<######
..................#


There were no monsters in sight!

Vanquished Creatures
  A crimson imp (D:5)
  A hound (D:4)
  An orc priest (D:3)
  A worker ant (D:3)
  3 adders
  An ooze (D:3)
  An adder zombie (D:5)
  A worm (D:3)
  3 giant geckos
  9 orcs
  2 ball pythons
  7 bats
  8 goblins
  9 hobgoblins
  4 giant cockroaches
  6 giant newts
  10 kobolds
  3 quokkas (D:3)
  5 rats
76 creatures vanquished.

Notes
Turn   | Place    | Note
--------------------------------------------------------------
     0 | D:1      | amnekian the Human Conjurer began the quest for the Orb.
     0 | D:1      | Reached XP level 1. HP: 13/13 MP: 3/3
   181 | D:1      | Reached XP level 2. HP: 19/19 MP: 0/5
   710 | D:1      | Reached XP level 3. HP: 24/24 MP: 1/6
  1334 | D:2      | Reached skill level 5 in Conjurations
  1408 | D:2      | Learned a level 2 spell: Searing Ray
  2058 | D:3      | Reached XP level 4. HP: 21/30 MP: 0/7
  2250 | D:3      | Found an iron altar of Okawaru.
  2987 | D:3      | Reached XP level 5. HP: 17/35 MP: 0/8
  3291 | D:3      | Reached skill level 1 in Fighting
  4122 | D:4      | Noticed Edmund
  4418 | D:5      | Entered Level 5 of the Dungeon
  4419 | D:5      | Reached XP level 6. HP: 43/46 MP: 9/9
  4618 | D:5      | Quit the game

Vault maps used:
D:1:      evilmike_arrival_home_sweet_home
D:2:      serial_glass, glass_columns_c, glass_columns_b
D:3:      first_bread, okawaru_metal_pillars_1_2
D:4:      minmay_goblin_outpost, uniq_edmund

Action                   |  1- 3 |  4- 6 || total
-------------------------+-------+-------++-------
Melee: Unarmed           |     3 |       ||     3
       Dagger            |     8 |    20 ||    28
       Flail             |       |     8 ||     8
 Cast: Magic Dart        |    63 |    81 ||   144
       Searing Ray       |     5 |    10 ||    15
  Use: Scroll            |     5 |     3 ||     8
  Eat: Chunk             |     5 |    10 ||    15
